 Dungeon Crawl Stone Soup version 0.31-a0-424-g41b3b0883d (webtiles) character file.

Game seed: 8974074123925935227

53 MacCMillion the Ruffian (level 3, -1/29 HPs)
             Began as a Barachi Shapeshifter on July 30, 2023.
             Slain by Sigmund
             ... wielding a +0 scythe
              (6 damage)
             ... on level 2 of the Dungeon.
             The game lasted 00:02:31 (1251 turns).

MacCMillion the Ruffian (Barachi Shapeshifter)      Turns: 1251, Time: 00:02:31

Health: -1/29      AC:  5    Str: 18    XL:     3   Next: 87%
Magic:  3/3        EV: 11    Int:  8    God:
Gold:   104        SH:  0    Dex: 12    Spells: 2/2 levels left

rFire   . .          .
                       - Unarmed
rCold   . . .        (no shield)
rNeg    . . .        h - +0 ring mail
rPois   .            (helmet currently unavailable)
rElec   .            (cloak currently unavailable)
rCorr   .            (gloves currently unavailable)
SInv    .            (boots currently unavailable)
Will    .....        (no amulet)
Stlth   +            (no ring)
HPRegen 0.24/turn    (no ring)
MPRegen 0.08/turn

%: no passive effects
@: beast-form, slow
A: beast (slay +2), amphibious, slowness 1, strong legs 1, +LOS
a: Hop, Begin Untransformation


You were on level 2 of the Dungeon.
You were a hulking beast.
You visited 1 branch of the dungeon, and saw 2 of its levels.

You collected 104 gold pieces.

Inventory:

Armour
 h - a +0 ring mail (worn)
Talismans
 c - a beast talisman (active)
Scrolls
 f - a scroll of enchant weapon
Potions
 b - a potion of lignification
 d - 2 potions of degeneration {unknown}
 e - a potion of might {unknown}
 g - a potion of brilliance {unknown}


   Skills:
 + Level 3.1 Fighting
 - Level 2.1 Dodging
 + Level 4.3 Unarmed Combat
 - Level 3.2 Shapeshifting


You had 2 spell levels left.
You didn't know any spells.
Your spell library contained the following spells:

 Spells                   Type           Power      Damage    Failure   Level
 Magic Dart               Conj           0%         1d3       61%         1
 Searing Ray              Conj           0%         2d4       75%         2
 Fulminant Prism          Conj/Hex       0%         3d5       100%        4


Dungeon Overview and Level Annotations

Branches:
Dungeon (2/15)

Altars:

Annotations:
D:2 Sigmund


Innate Abilities, Weirdness & Mutations

You are a hulking beast.
Your limbs bulge with bestial killing power. (Slay +2)
You are amphibious.
You cover ground slowly.
You can hop short distances.
You have an extended range of vision and can be seen from far away.


Message History

You add the spells Magic Dart, Searing Ray and Fulminant Prism to your library.
d - 2 viscous red potions (gained 1)
An adder comes into view.
The adder hisses angrily.
You hear a shout!
Sigmund the Dreaded comes into view.
He is wielding a +0 scythe.
There are monsters nearby!
You hit the adder but do no damage. The adder bites you but does no damage.
You closely miss the adder. The adder barely misses you.
Sigmund hits you from afar with a +0 scythe.
You hit the adder.
The adder is severely wounded.
The adder barely misses you.
You miss the adder.
The adder is severely wounded.
The adder completely misses you.
Sigmund gestures wildly while chanting.
Sigmund flickers and vanishes!
Deactivating autopickup; reactivate with Ctrl-A.
You barely miss the adder.
The adder is severely wounded.
The adder bites you but does no damage. Something hits you.
The adder bites you.
You closely miss the adder.
The adder is severely wounded.
The adder barely misses you. Something hits you!
You are too injured to fight recklessly!
You hit the adder but do no damage.
The adder is severely wounded.
The adder completely misses you.
As you read the scroll labelled ENWEFU EMMOVVA, it crumbles to dust.
It is a scroll of enchant weapon.
You aren't carrying any weapons that can be enchanted.
The adder completely misses you. Something hits you!
* * * LOW HITPOINT WARNING * * *
The adder bites you but does no damage.
Okay, then.
You miss the adder.
The adder is heavily wounded.
The adder closely misses you. Something hits you.
You die...

##...............#
#############.......# #
#.......# . ...#.#..# #
##.##.#.#.. #.##.#.# .#
#.#.# #....{ # #.#.#
####S# #.#.# #..h##
#.#.# #.##..## #.#.# #
##.#.# #.#.###. #..#.#
#....##.##.##.#
######....###.#.#.##
..........##.#...##
####.#.#.##...#.######.
#.#.#.#..............


You could see an adder.

Vanquished Creatures
  An adder (D:2)
  4 ball pythons (D:1)
  5 endoplasms
  3 giant cockroaches (D:1)
  3 goblins (D:1)
  3 hobgoblins (D:1)
  5 jackals (D:1)
  7 kobolds
  2 quokkas
  2 bats (D:1)
  5 rats
40 creatures vanquished.

Notes
Turn   | Place    | Note
-------+----------+-------------------------------------------
     0 | D:1      | MacCMillion the Barachi Shapeshifter began the quest for
                  | the Orb.
     0 | D:1      | Reached XP level 1. HP: 15/15 MP: 1/1
   127 | D:1      | Reached XP level 2. HP: 16/22 MP: 2/2
   405 | D:1      | Reached XP level 3. HP: 28/28 MP: 3/3
   422 | D:1      | Reached skill level 4 in Unarmed Combat
  1242 | D:2      | Noticed Sigmund
  1251 | D:2      | Slain by Sigmund

Illustrated notes

Levels and vault maps discovered:
D:1:      dpeg_arrival_rooms_b, layout_loops_ring
D:2:      layout_loops_ring, serial_shops, shop, uniq_sigmund

Skill      XL: |  1  2  3 |
---------------+----------+-----
Fighting       | 2 3 |  3.1
Unarmed Combat | 4 |  4.3
Dodging        | |  2.1
Shapeshifting  | |  3.2

Action                     || total
---------------------------++-------
  Melee: Unarmed           ||   114
         Punch             ||     1
    Use: Scroll            ||     1
   Stab: Sleeping          ||     1
 Armour: Animal skin       ||    21
         Ring mail         ||     4
  Dodge: Dodged            ||    63

Table legend: (Time is in decaauts)
 A = Elapsed time spent in this place.
 B = Non-inter-level travel time spent in this place.
 C = Inter-level travel time spent in this place.
 D = Time resting spent in this place.
 E = Time spent auto-exploring this place.
 F = Levels seen in this place.
 G = Mean time per level.
                   A        B        C        D        E       F      G
               +--------+--------+--------+--------+--------+-----+--------+
         Total |   1414 |   1347 |     67 |     80 |    960 |   2 |  707.0 |
       Dungeon |   1414 |   1347 |     67 |     80 |    960 |   2 |  707.0 |
               +--------+--------+--------+--------+--------+-----+--------+

Top non-repeatable levels by time:
     D:1: 905 daAuts
     D:2: 509 daAuts
